 Dungeon Crawl Stone Soup version 0.27-a0-1149-g4505690ab0 (webtiles) character file.

Game seed: 2219697471150634237

34616 kae the Grappler (level 13, 0/113 (121) HPs)
             Began as a Demonspawn Fighter on May 12, 2021.
             Was the Champion of Okawaru.
             Slain by a 15-headed hydra (8 damage)
             ... on level 3 of the Lair of Beasts.
             The game lasted 00:16:46 (17924 turns).

kae the Grappler (Demonspawn Fighter)              Turns: 17924, Time: 00:16:47

HP:   0/113 (121)   AC: 20    Str: 25    XL:     13   Next: 43%
MP:   22/22         EV:  9    Int: 11    God:    Okawaru [******]
Gold: 832           SH:  0    Dex: 20    Spells: 12/12 levels left

rFire    + . .     SeeInvis .     - Unarmed
rCold    . . .     Faith    .   (no shield)
rNeg     . . .     Spirit   .   z - +4 plate armour of Burning Leaves {Rampage *Corrode Str+4 Dex+8}
rPois    +         Reflect  .   c - +2 hat {Will+}
rElec    .         Harm     .   I - +0 cloak
rCorr    .         Rampage  +   (gloves unavailable)
Will     +....                  w - +1 pair of boots
Stlth    ..........             N - amulet of Vitality {Regen+ HP+15}
HPRegen  0.28/turn              o - ring of poison resistance
MPRegen  0.18/turn              n - ring of protection from fire

@: corroded, drained
A: claws 3, slimy green scales 1, powered by death 2, demonic magic 2
a: Renounce Religion, Heroism, Finesse


You were on level 3 of the Lair of Beasts.
You worshipped Okawaru.
Okawaru was exalted by your worship.
You visited 2 branches of the dungeon, and saw 15 of its levels.
You also visited: Sewer.

You collected 832 gold pieces.

Inventory:

Hand Weapons
 a - the +8 longbow "Zephyr" {speed, Dex+3 SInv}
   (You acquired it on level 12 of the Dungeon)

   Attacks with this weapon are significantly faster.
   It affects your dexterity (+3).
   It lets you see invisible.
 e - a +1 long sword of venom
Missiles
 s - 7 curare-tipped darts
 J - 3 atropa-tipped darts
 L - 4 throwing nets
Armour
 c - a +2 hat of willpower (worn)
 w - a +1 pair of boots (worn)
 z - the +4 plate armour of Burning Leaves (worn) {Rampage *Corrode Str+4 Dex+8}
   (Okawaru gifted it to you on level 10 of the Dungeon)

   It affects your strength (+4).
   It affects your dexterity (+8).
   It may corrode you when you take damage.
   It bestows one free step when moving towards enemies.
 I - a +0 cloak (worn)
Jewellery
 f - the amulet "Dumnu" {Spirit rElec rN+ Int-4}
   (You acquired it on level 4 of the Dungeon)

   [amulet of guardian spirit]

   It causes incoming damage to be divided between your reserves of health and
   magic.
   It affects your intelligence (-4).
   It insulates you from electricity.
   It protects you from negative energy.
 h - an amulet of regeneration
 l - a ring of fire
 n - a ring of protection from fire (right claw)
 o - a ring of poison resistance (left claw)
 F - a ring of resist corrosion
 H - a ring of magical power
 N - the amulet of Vitality (around neck) {Regen+ HP+15}
   (You found it on level 3 of the Lair of Beasts)

   [amulet of regeneration]

   It affects your health (+15).
   It increases your rate of health regeneration.
Wands
 g - a wand of acid (17)
 p - a wand of paralysis (6) (quivered)
 G - a wand of polymorph (10)
 M - a wand of flame (16)
Scrolls
 d - 5 scrolls of blinking
 k - 6 scrolls of teleportation
 v - 3 scrolls of silence
 x - a scroll of enchant weapon
 y - 2 scrolls of fog
 A - a scroll of noise
 B - a scroll of fear
 C - 2 scrolls of identify
Potions
 b - 2 potions of degeneration
 i - 5 potions of magic
 j - 3 potions of cancellation
 m - 5 potions of curing
 q - 5 potions of brilliance
 r - 4 potions of attraction
 t - a potion of ambrosia
 u - 2 potions of haste
 D - 2 potions of flight
 E - a potion of lignification
 K - 2 potions of might


   Skills:
 - Level 11.0 Fighting
 - Level 3.4 Long Blades
 + Level 4.8 Bows
 + Level 5.6 Armour
 + Level 4.8 Dodging
 - Level 2.6 Shields
 - Level 14.0 Unarmed Combat
 - Level 12.0 Invocations


You had 12 spell levels left.
You didn't know any spells.
Your spell library contained the following spells:

 Spells                   Type           Power      Damage    Failure   Level
 Animate Skeleton         Necr           0%         N/A       99%         1
 Apportation              Tloc           0%         N/A       99%         1
 Corona                   Hex            0%         N/A       99%         1
 Shock                    Conj/Air       0%         1d3       99%         1
 Sting                    Tmut/Pois      0%         1d3       99%         1
 Summon Small Mammal      Summ           0%         N/A       99%         1
 Poisonous Vapours        Pois/Air       0%         N/A       100%        2
 Static Discharge         Conj/Air       0%         N/A       100%        2
 Confusing Touch          Hex            0%         N/A       100%        3
 Gell's Gravitas          Tloc           0%         N/A       100%        3
 Ignite Poison            Fire/Tmut/Pois 0%         N/A       100%        3
 Mephitic Cloud           Conj/Pois/Air  0%         N/A       100%        3
 Swiftness                Air            0%         N/A       100%        3
 Airstrike                Air            0%         N/A       100%        4
 Olgreb's Toxic Radiance  Pois           0%         N/A       100%        4
 Petrify                  Tmut/Erth      0%         N/A       100%        4
 Irradiate                Conj/Tmut      0%         3d14      100%        5
 Lightning Bolt           Conj/Air       0%         1d11      100%        5
 Metabolic Englaciation   Hex/Ice        0%         N/A       100%        5
 Yara's Violent Unravell  Hex/Tmut       0%         3d3       100%        5
 Blade Hands              Tmut           0%         N/A       100%        6
 Statue Form              Tmut/Erth      0%         N/A       100%        6
 Dragon Form              Tmut           0%         N/A       100%        7


Dungeon Overview and Level Annotations

Branches:
Dungeon (12/15)            Temple (0/1) D:4            Lair (3/6) D:8
  Swamp (0/4) Lair:2          Orc (0/2) D:9           Sewer (visited)
  Snake: Lair:2-4    Spider: Lair:2-4

Altars:
Cheibriados
Fedhas
Hepliaklqana
Kikubaaqudgha
Makhleb
Okawaru
Qazlal
Sif Muna
Trog
Uskayaw
Wu Jian
Xom
Yredelemnul

Annotations:
D:8 2 transporters, bmj180's ghost, novice DrCj


Innate Abilities, Weirdness & Mutations

You have claws for hands.
You are partially covered in slimy green scales. (AC +2)
You regenerate health from kills.
Spells you cast may paralyse nearby enemies.


Message History

The 11-headed hydra grows two more!
You claw the 13-headed hydra!
The 13-headed hydra is severely wounded.
The 13-headed hydra bites you.
* * * LOW HITPOINT WARNING * * *
The 13-headed hydra barely misses you. The 13-headed hydra bites you.
* * * LOW HITPOINT WARNING * * *
The 13-headed hydra completely misses you.
The 13-headed hydra closely misses you.
The 13-headed hydra bites you but does no damage. x2
The 13-headed hydra bites you.
* * * LOW HITPOINT WARNING * * *
The 13-headed hydra bites you but does no damage.
The 13-headed hydra bites you.
* * * LOW HITPOINT WARNING * * *
The 13-headed hydra barely misses you.
The 13-headed hydra bites you but does no damage. x2
You completely miss the 13-headed hydra.
The 13-headed hydra is severely wounded.
You rip one of the 13-headed hydra's heads off!
The 12-headed hydra grows two more!
You mangle the 14-headed hydra!!
The 14-headed hydra is almost dead.
The 14-headed hydra bites you!
* * * LOW HITPOINT WARNING * * *
The 14-headed hydra bites you but does no damage. x6
The 14-headed hydra bites you.
* * * LOW HITPOINT WARNING * * *
The 14-headed hydra bites you but does no damage.
The 14-headed hydra bites you.
* * * LOW HITPOINT WARNING * * *
The 14-headed hydra closely misses you.
The 14-headed hydra bites you but does no damage.
The 14-headed hydra bites you.
* * * LOW HITPOINT WARNING * * *
The 14-headed hydra bites you but does no damage.
You claw one of the 14-headed hydra's heads off!
The 13-headed hydra grows two more!
You claw the 15-headed hydra!
The 15-headed hydra is almost dead.
The 15-headed hydra bites you but does no damage.
The 15-headed hydra bites you!
You die...

#.... #....... #....
#....# ##^...###....##
##
#.............######P##
#......#...............
#....##...........#P.#
##...........##.#..##
#.....D#.....##...[.###
##....@......###.......
#...........# #..#####
#............# ##..####
##.....P.#...# #.......
#....#####..####.##.##
#P(.. #.#......#..
##..? #........... #...
#.####...... ..
#.......


You could see a 15-headed hydra.

Vanquished Creatures
  Gastronok (D:8)
  Azrael (D:12)
  Josephine (D:11)
  The ghost of p0werm0de the Cleaver, a journeyman DDFi of Makhleb (Lair:1)
  Harold (Lair:2)
  6 hydras
  Erica (D:9)
  3 two-headed ogres
  A deep elf pyromancer (D:12)
  2 cyclopes
  5 cane toads
  A gargoyle (D:12)
  A rime drake (Lair:3)
  4 komodo dragons
  An unseen horror (D:12)
  A demonic crawler (Lair:2)
  2 trolls
  3 hornets
  Prince Ribbit (D:8)
  6 slime creatures
  9 blink frogs
  4 dream sheep (Lair:2)
  A vampire (D:6)
  8 wraiths
  Eustachio (D:5)
  3 fire elementals (D:12)
  3 basilisks
  A wyvern (D:8)
  22 yaks
  A steam dragon (D:9)
  4 vampire mosquitoes (Lair:2)
  Edmund (D:5)
  3 wargs
  3 hell hounds (D:12)
  3 swamp worms (Lair:2)
  5 water moccasins
  9 orc warriors
  Purgy (Sewer)
  A hornet zombie (D:5)
  An ice beast (D:8)
  4 necrophages
  3 sky beasts (D:6)
  2 black bears (Lair:2)
  A phantom (D:6)
  7 wolves (Lair:3)
  5 centaurs
  9 bullfrogs
  5 kobold brigands
  3 scorpions
  A gnoll sergeant (D:8)
  A water moccasin zombie (D:5)
  A water moccasin skeleton (D:4)
  A howler monkey (D:6)
  A lava snake (D:12)
  4 centaur zombies
  A jelly (D:6)
  A gnoll shaman (D:7)
  2 hounds
  14 orc priests
  A bullfrog skeleton (D:5)
  A centaur skeleton (D:6)
  2 iguanas
  4 hell rats (Lair:3)
  9 orc wizards
  2 hound skeletons
  14 gnolls
  13 adders
  A howler monkey skeleton (D:6)
  A shadow imp (D:5)
  A white imp (D:6)
  3 worms
  8 dart slugs
  42 orcs
  3 endoplasms
  A giant cockroach (D:2)
  6 goblins
  7 hobgoblins
  14 jackals
  21 kobolds
  8 quokkas
  14 ball pythons
  2 bats (D:1)
  10 frilled lizards
  4 rats
385 creatures vanquished.

Vanquished Creatures (others)
  2 orc wizards
  7 fungi (Lair:2)
  12 plants
21 creatures vanquished.

Grand Total: 406 creatures vanquished

Notes
Turn   | Place    | Note
-------+----------+-------------------------------------------
     0 | D:1      | kae the Demonspawn Fighter began the quest for the Orb.
     0 | D:1      | Reached XP level 1. HP: 18/18 MP: 1/1
   228 | D:1      | Gained mutation: You regenerate a little health from kills.
                  | [demonic ancestry]
   228 | D:1      | Reached XP level 2. HP: 24/24 MP: 2/2
   694 | D:1      | Reached XP level 3. HP: 28/29 MP: 3/3
  1405 | D:2      | Gained mutation: You have sharp fingernails. [demonic
                  | ancestry]
  1405 | D:2      | Reached XP level 4. HP: 30/37 MP: 4/4
  1443 | D:2      | Found a faded altar of an unknown god.
  1755 | D:3      | Found a glowing drain.
  1778 | Sewer    | Entered a sewer
  1802 | Sewer    | Reached skill level 1 in Unarmed Combat
  1856 | Sewer    | Noticed Purgy
  1869 | Sewer    | Killed Purgy
  1870 | Sewer    | Reached skill level 2 in Unarmed Combat
  1870 | Sewer    | Gained mutation: You have very sharp fingernails. [demonic
                  | ancestry]
  1870 | Sewer    | Reached XP level 5. HP: 5/42 MP: 5/5
  2442 | D:3      | Found a blossoming altar of Fedhas.
  2445 | D:3      | Found a basalt altar of Yredelemnul.
  2445 | D:3      | Found a shimmering altar of Xom.
  2445 | D:3      | Found an ornate altar of the Wu Jian Council.
  2446 | D:3      | Found a hazy altar of Hepliaklqana.
  2448 | D:3      | Found an iron altar of Okawaru.
  2450 | D:3      | Found a burning altar of Makhleb.
  2451 | D:3      | Found a bloodstained altar of Trog.
  2460 | D:3      | Became a worshipper of Warmaster Okawaru
  3045 | D:3      | Reached skill level 1 in Invocations
  3305 | D:4      | Found a staircase to the Ecumenical Temple.
  3328 | D:4      | Noticed a necrophage
  3344 | D:4      | Killed a necrophage
  3345 | D:4      | Reached skill level 3 in Unarmed Combat
  3345 | D:4      | Gained mutation: You have claws for hands. [demonic
                  | ancestry]
  3345 | D:4      | Reached XP level 6. HP: 19/48 MP: 5/7
  4497 | D:4      | Reached * piety under Okawaru
  4498 | D:4      | Reached skill level 5 in Fighting
  4498 | D:4      | Reached skill level 4 in Unarmed Combat
  4498 | D:4      | Reached XP level 7. HP: 38/56 MP: 7/9
  4631 | D:4      | Identified a scroll of acquirement
  4631 | D:4      | Acquired the amulet "Dumnu" {Spirit rElec rN+ Int-4}
  4879 | D:4      | Found a hide-covered altar of Uskayaw.
  5519 | D:5      | Entered Level 5 of the Dungeon
  5648 | D:5      | Noticed Edmund
  5661 | D:5      | Killed Edmund
  5662 | D:5      | Reached skill level 5 in Unarmed Combat
  5958 | D:5      | Reached XP level 8. HP: 59/63 MP: 11/11
  6433 | D:5      | Noticed Eustachio
  6447 | D:5      | Killed Eustachio
  6448 | D:5      | Reached skill level 6 in Unarmed Combat
  6448 | D:5      | Reached skill level 5 in Invocations
  6626 | D:6      | Reached ** piety under Okawaru
  6954 | D:6      | Found a shimmering blue altar of Sif Muna.
  7004 | D:6      | Reached skill level 7 in Unarmed Combat
  7104 | D:6      | Gained mutation: You are partially covered in slimy green
                  | scales. (AC +2) [demonic ancestry]
  7104 | D:6      | Reached XP level 9. HP: 64/71 MP: 10/13
  7135 | D:6      | Found a snail-covered altar of Cheibriados.
  7153 | D:6      | Reached *** piety under Okawaru
  7643 | D:7      | Reached skill level 8 in Unarmed Combat
  8384 | D:7      | Reached **** piety under Okawaru
  8384 | D:7      | Received a gift from Okawaru
  8948 | D:8      | Found a stormy altar of Qazlal.
  8964 | D:8      | Reached skill level 9 in Unarmed Combat
  9043 | D:8      | Noticed Gastronok
  9053 | D:8      | Killed Gastronok
  9053 | D:8      | Reached ***** piety under Okawaru
  9054 | D:8      | Gained mutation: Spells you cast may paralyse adjacent
                  | enemies. [demonic ancestry]
  9054 | D:8      | Reached XP level 10. HP: 63/82 MP: 10/17
  9141 | D:8      | Reached skill level 10 in Unarmed Combat
  9152 | D:8      | Found a staircase to the Lair.
  9327 | D:8      | Found a transporter.
  9328 | D:8      | Noticed bmj180's ghost (novice DrCj)
  9337 | D:8      | Found a transporter.
  9572 | D:8      | Noticed Prince Ribbit
  9581 | D:8      | Killed Prince Ribbit
  9718 | D:8      | Found an ancient bone altar of Kikubaaqudgha.
  9851 | D:9      | Found a staircase to the Orcish Mines.
  9897 | D:9      | Reached skill level 10 in Invocations
  9964 | D:9      | Identified the +0 chain mail of the True Pharaoh {+Inv rF-
                  | rC+ Will+}
 10239 | D:9      | Noticed Erica
 10252 | D:9      | Killed Erica
 10253 | D:9      | Gained mutation: Spells you cast may paralyse nearby
                  | enemies. [demonic ancestry]
 10253 | D:9      | Reached XP level 11. HP: 68/89 MP: 11/18
 10654 | D:9      | Noticed a two-headed ogre
 10668 | D:9      | HP: 4/89 [two-headed ogre/+0 giant spiked club (17)]
 10839 | D:9      | Killed a two-headed ogre
 10840 | D:9      | Reached skill level 11 in Unarmed Combat
 11196 | D:10     | Entered Level 10 of the Dungeon
 11233 | D:10     | Noticed a two-headed ogre
 11236 | D:10     | Killed a two-headed ogre
 11236 | D:10     | Identified the +4 plate armour of Burning Leaves {Rampage
                  | *Corrode Str+4 Dex+8} (Okawaru gifted it to you on level 10
                  | of the Dungeon)
 11236 | D:10     | Received a gift from Okawaru
 11959 | D:11     | Noticed Josephine
 11972 | D:11     | Killed Josephine
 12117 | D:11     | Reached skill level 10 in Fighting
 12139 | D:11     | Noticed an eight-headed hydra
 12148 | D:11     | Killed an 11-headed hydra
 12149 | D:11     | Reached skill level 12 in Unarmed Combat
 12359 | D:11     | Noticed a two-headed ogre
 12366 | D:11     | Killed a two-headed ogre
 12545 | D:11     | Found a shimmering blue altar of Sif Muna.
 13062 | D:12     | Acquired the +8 longbow "Zephyr" {speed, Dex+3 SInv}
 13063 | D:12     | Found the +8 longbow "Zephyr" {speed, Dex+3 SInv}
 13249 | D:12     | Noticed a deep elf pyromancer
 13254 | D:12     | Killed a deep elf pyromancer
 13255 | D:12     | Reached XP level 12. HP: 98/98 MP: 19/21
 13287 | D:12     | Noticed Azrael
 13524 | D:12     | Received a gift from Okawaru
 13555 | D:12     | Killed Azrael
 13628 | D:12     | Reached skill level 13 in Unarmed Combat
 14308 | Lair:1   | Entered Level 1 of the Lair of Beasts
 14704 | Lair:1   | Noticed a four-headed hydra
 14714 | Lair:1   | Killed a nine-headed hydra
 14714 | Lair:1   | Received a gift from Okawaru
 14989 | Lair:1   | Found a runed translucent door.
 14990 | Lair:1   | Noticed p0werm0de's ghost (journeyman DDFi)
 15098 | Lair:1   | Reached skill level 14 in Unarmed Combat
 15320 | Lair:1   | Killed p0werm0de's ghost
 15321 | Lair:1   | Reached skill level 1 in Bows
 15321 | Lair:1   | Reached skill level 1 in Dodging
 15501 | Lair:2   | Noticed a seven-headed hydra
 15511 | Lair:2   | Killed an 11-headed hydra
 15649 | Lair:2   | Noticed a five-headed hydra
 15660 | Lair:2   | Killed a 12-headed hydra
 15885 | Lair:2   | Noticed a five-headed hydra
 15914 | Lair:2   | Gained mutation: You regenerate health from kills. [demonic
                  | ancestry]
 15914 | Lair:2   | Reached XP level 13. HP: 101/106 MP: 18/22
 16066 | Lair:2   | Noticed Harold
 16072 | Lair:2   | Killed Harold
 16491 | Lair:2   | Reached ****** piety under Okawaru
 16508 | Lair:2   | Reached skill level 5 in Armour
 16800 | Lair:2   | Found a staircase to the Swamp.
 17165 | Lair:2   | Received a gift from Okawaru
 17889 | Lair:3   | Found the amulet of Vitality {Regen+ HP+15}
 17924 | Lair:3   | Slain by a 15-headed hydra

Illustrated notes

Levels and vault maps discovered:
D:1:      scummos_arrival_gate, layout_basic, minmay_pentomino_x4
D:2:      layout_basic, shapermc_ecumenical_altar_venn, minmay_circled_x
D:3:      layout_basic, minitemple, cheibrodos_sewer_entry_drain,
          grunt_decor_cap, kennysheep_generic_room_5
D:4:      layout_layer_cave, lemuel_round_altar, minmay_temple_entry_ruins,
          kennysheep_generic_room_7
D:5:      minmay_spotlight, layout_cave_pools, uniq_eustachio, uniq_edmund
D:6:      layout_gridville, overflow_temple_1_default,
          minmay_misc_feat_more_columns, grunt_ministairs_1,
          minmay_ruined_shrine
D:7:      layout_basic
D:8:      layout_loops_ring, nicolae_qazlal_style_of_elements,
          lemuel_round_altar, erik_lair_orcish_takeover, gammafunk_ghost_smash,
          uniq_prince_ribbit1, uniq_gastronok
D:9:      layout_roguey, david_orc_1_choice, minmay_chambers_of_fives,
          uniq_erica
D:10:     layout_roguey, hangedman_abyss_or_decor_stagger
D:11:     layout_irregular_city, nicolae_sif_muna_condensation, uniq_josephine
D:12:     layout_basic, uniq_azrael
Lair:1:   layout_regular_city, ebering_ghost_reflecting_pool, grunt_megastairs_1
Lair:2:   layout_cave_pods, minmay_swamp_entry_swarm, worms_lemuel,
          infiniplex_staircase_pool_2, uniq_harold
Lair:3:   layout_gridlike

Skill      XL: |  1  2  3  4  5  6  7  8  9 10 11 12 13 |
---------------+----------------------------------------+-----
Long Blades    | 2 3 |  3.4
Unarmed Combat | 2 3 4 5 7 9 10 12 14 | 14.0
Fighting       | 4 5 6 8 9 10 11 | 11.0
Invocations    | 1 2 4 6 9 10 12 | 12.0
Bows           | 2 4 |  4.8
Armour         | 4 5 |  5.6
Dodging        | 2 4 |  4.8
Shields        | |  2.6

Action                   |  1- 3 |  4- 6 |  7- 9 | 10-12 | 13-15 || total
-------------------------+-------+-------+-------+-------+-------++-------
Melee: Long sword        |   133 |   212 |    83 |       |       ||   428
       Unarmed           |       |       |   314 |   491 |   198 ||  1003
       Punch             |       |       |     3 |    47 |    19 ||    69
Throw: Throwing net      |       |     1 |       |       |       ||     1
Invok: Heroism           |       |       |     4 |    13 |     2 ||    19
       Finesse           |       |       |       |     1 |       ||     1
Evoke: Wand              |       |       |     1 |     2 |       ||     3
  Use: Scroll            |     1 |     2 |    13 |    13 |       ||    29
       Potion            |       |     2 |     2 |     1 |       ||     5
 Stab: Invisible         |       |       |     1 |       |       ||     1
       Paralysed         |       |       |       |     1 |       ||     1
Armor: Quicksilver drago |    77 |    98 |   224 |    77 |       ||   476
       Scale mail        |     1 |       |       |       |       ||     1
       Plate armour      |       |       |       |   195 |   161 ||   356
Dodge: Dodged            |    74 |   124 |   195 |   157 |   124 ||   674
Block: Kite shield       |    19 |       |       |       |       ||    19
       Buckler           |    26 |    50 |    87 |       |       ||   163
       Rpst.: Long sword |    20 |    42 |    18 |       |       ||    80

Table legend: (Time is in decaauts)
 A = Elapsed time spent in this place.
 B = Non-inter-level travel time spent in this place.
 C = Inter-level travel time spent in this place.
 D = Time resting spent in this place.
 E = Time spent auto-exploring this place.
 F = Levels seen in this place.
 G = Mean time per level.
                   A        B        C        D        E       F      G
               +--------+--------+--------+--------+--------+-----+--------+
         Total |  17918 |  17415 |    503 |   2592 |  12174 |  16 | 1119.9 |
       Dungeon |  13777 |  13368 |    409 |   2033 |   9223 |  12 | 1148.1 |
          Lair |   3544 |   3450 |     94 |    211 |   2787 |   3 | 1181.3 |
         Sewer |    596 |    596 |      0 |    348 |    163 |   1 |  596.0 |
               +--------+--------+--------+--------+--------+-----+--------+

Top non-repeatable levels by time:
  Lair:2: 1920 daAuts
     D:4: 1917 daAuts
     D:3: 1421 daAuts
  Lair:1: 1403 daAuts
     D:9: 1388 daAuts
    D:11: 1220 daAuts
     D:6: 1200 daAuts
    D:12: 1059 daAuts
     D:5: 1049 daAuts
     D:7: 1045 daAuts
     D:1: 971 daAuts
     D:8: 960 daAuts
     D:2: 785 daAuts
    D:10: 756 daAuts
   Sewer: 596 daAuts
